SAAA
PLYMOUTH ROCKS @ ATHLETIC CLUB KC RESERVES
05/03/2034
 
TOP OF THE 1ST
Plymouth Rocks batting - Pitching for Athletic Club KC Reserves : RHP Leroy Moody
Pitching: RHP Leroy Moody
Batting: LHB Jeff Lawson 0-0: Ball
1-0: Swinging Strike
1-1: Foul Ball, location: 2F
1-2: Strikes out looking
Batting: RHB Tumas Wenzu 0-0: Swinging Strike
0-1: Ball
1-1: Swinging Strike
1-2: Ground out 5-3 (Groundball, 56S)
Batting: RHB Ernesto Trevino 0-0: Called Strike
0-1: Ball
1-1: Ground out 4-3 (Groundball, 4)
Top of the 1st over - 0 runs, 0 hits, 0 errors, 0 left on base; Plymouth 0 - Athletic Club KC 0
BOTTOM OF THE 1ST
Athletic Club KC Reserves batting - Pitching for Plymouth Rocks : RHP Arturo Gramer
Pitching: RHP Arturo Gramer
Batting: RHB Armando Altagracia 0-0: Called Strike
0-1: Swinging Strike
0-2: Strikes out looking
Batting: RHB Tasuku Goto 0-0: SINGLE (Line Drive, 5D)
Batting: RHB Khal Drogo 0-0: Ball
Tasuku Goto steals 2nd base
1-0: Ground out 4-3 (Groundball, 4)
Tasuku Goto to third
Batting: LHB Shojiro Ueda 0-0: Ball
1-0: Ball
2-0: Swinging Strike
2-1: Ball
3-1: Fly out, F9 (Flyball, 9S)
Bottom of the 1st over - 0 runs, 1 hit, 0 errors, 1 left on base; Plymouth 0 - Athletic Club KC 0
TOP OF THE 2ND
Plymouth Rocks batting - Pitching for Athletic Club KC Reserves : RHP Leroy Moody
Batting: RHB Xi-ku See-to 0-0: Ball
1-0: Foul Ball, location: 2F
1-1: Swinging Strike
1-2: Strikes out swinging
Batting: LHB Dae-ik Park 0-0: Ball
1-0: Called Strike
1-1: Ball
2-1: Foul Ball, location: 2F
2-2: Ground out 4-3 (Groundball, 4)
Batting: RHB Chang-lit Min 0-0: Called Strike
0-1: Swinging Strike
0-2: Ball
1-2: Ground out U3 (Groundball, 3L)
Top of the 2nd over - 0 runs, 0 hits, 0 errors, 0 left on base; Plymouth 0 - Athletic Club KC 0
BOTTOM OF THE 2ND
Athletic Club KC Reserves batting - Pitching for Plymouth Rocks : RHP Arturo Gramer
Batting: LHB Kwang-chih Feng 0-0: Ball
1-0: Ball
2-0: Called Strike
2-1: Ball
3-1: Foul Ball, location: 2F
3-2: Base on Balls
Batting: LHB Manuel Domínguez 0-0: Ball
1-0: Called Strike
1-1: Ball
2-1: DOUBLE (Line Drive, 7LM)
Kwang-chih Feng to third
Batting: RHB Cristóbal Covarrubiois 0-0: Called Strike
0-1: SINGLE (Line Drive, 9S)
Kwang-chih Feng scores
Manuel Domínguez to third
Batting: RHB Abeni Mbanefo 0-0: Ball
1-0: Fly out, F6 (Popup, 6MD)
Batting: LHB Luis Miguel González 0-0: Ball
1-0: Ball
2-0: Foul Ball, location: 2F
2-1: Fly out, F8 (Flyball, 8LXD)
Runner from 3rd tags up, SCORES, no throw
Batting: RHB Armando Altagracia 0-0: Called Strike
0-1: Ball
1-1: Foul Ball, location: 2F
1-2: Reached on error, E5 (Groundball, 5)
Cristóbal Covarrubiois to second
Batting: RHB Tasuku Goto 0-0: Foul Ball, location: 2F
0-1: Ball
1-1: Called Strike
1-2: Foul Ball, location: 2F
1-2: Ball
2-2: Fielders Choice at 2nd, 6-4 (Groundball, 56)
Bottom of the 2nd over - 2 runs, 2 hits, 1 error, 2 left on base; Plymouth 0 - Athletic Club KC 2
TOP OF THE 3RD
Plymouth Rocks batting - Pitching for Athletic Club KC Reserves : RHP Leroy Moody
Batting: LHB Octávio Ontiveros 0-0: Foul Ball, location: 2F
0-1: Ball
1-1: Ball
2-1: Foul Ball, location: 2F
2-2: Strikes out swinging
Batting: SHB Javier Vega 0-0: Called Strike
0-1: Ball
1-1: Ball
2-1: Ball
3-1: Base on Balls
Batting: RHB Zelmar Barajas 0-0: Ball
1-0: Ball
2-0: Ball
3-0: Called Strike
3-1: Foul Ball, location: 2F
3-2: Fly out, F7 (Flyball, 78M)
Batting: LHB Jeff Lawson 0-0: Foul Ball, location: 2F
0-1: Ground out 4-3 (Groundball, 4)
Top of the 3rd over - 0 runs, 0 hits, 0 errors, 1 left on base; Plymouth 0 - Athletic Club KC 2
BOTTOM OF THE 3RD
Athletic Club KC Reserves batting - Pitching for Plymouth Rocks : RHP Arturo Gramer
Batting: RHB Khal Drogo 0-0: Ball
1-0: Ball
2-0: SINGLE (Groundball, 56D)
Batting: LHB Shojiro Ueda 0-0: Ball
1-0: Grounds into double play, 3-6-3 (Groundball, 3)
Batting: LHB Kwang-chih Feng 0-0: Foul Ball, location: 2F
0-1: Called Strike
0-2: Foul Ball, location: 2F
0-2: Ball
1-2: Ball
2-2: Ground out U3 (Groundball, 23)
Bottom of the 3rd over - 0 runs, 1 hit, 0 errors, 0 left on base; Plymouth 0 - Athletic Club KC 2
TOP OF THE 4TH
Plymouth Rocks batting - Pitching for Athletic Club KC Reserves : RHP Leroy Moody
Batting: RHB Tumas Wenzu 0-0: Ball
1-0: Swinging Strike
1-1: Swinging Strike
1-2: Ball
2-2: Foul Ball, location: 2F
2-2: Ball
3-2: Foul Ball, location: 2F
3-2: Foul Ball, location: 2F
3-2: Strikes out looking
Batting: RHB Ernesto Trevino 0-0: Ball
1-0: Fly out, F8 (Flyball, 8RD)
Batting: RHB Xi-ku See-to 0-0: Swinging Strike
0-1: Called Strike
0-2: Strikes out swinging
Top of the 4th over - 0 runs, 0 hits, 0 errors, 0 left on base; Plymouth 0 - Athletic Club KC 2
BOTTOM OF THE 4TH
Athletic Club KC Reserves batting - Pitching for Plymouth Rocks : RHP Arturo Gramer
Batting: LHB Manuel Domínguez 0-0: Ball
1-0: Ball
2-0: Ball
3-0: Base on Balls
Batting: RHB Cristóbal Covarrubiois 0-0: Ball
1-0: DOUBLE (Line Drive, 78D)
Manuel Domínguez to third
Batting: RHB Abeni Mbanefo 0-0: Ball
1-0: Ball
2-0: Foul Ball, location: 2F
2-1: TRIPLE (Flyball, 9LD)
Manuel Domínguez scores
Cristóbal Covarrubiois scores
Batting: LHB Luis Miguel González 0-0: Called Strike
0-1: Swinging Strike
0-2: Strikes out looking
Batting: RHB Armando Altagracia 0-0: Fly out, F7 (Flyball, 78D)
Runner from 3rd tags up, OUT at HOME
Bottom of the 4th over - 2 runs, 2 hits, 0 errors, 0 left on base; Plymouth 0 - Athletic Club KC 4
TOP OF THE 5TH
Plymouth Rocks batting - Pitching for Athletic Club KC Reserves : RHP Leroy Moody
Batting: LHB Dae-ik Park 0-0: Ball
1-0: Called Strike
1-1: Foul Ball, location: 2F
1-2: Foul Ball, location: 2F
1-2: Strikes out swinging
Batting: RHB Chang-lit Min 0-0: Called Strike
0-1: Swinging Strike
0-2: Strikes out swinging
Batting: LHB Octávio Ontiveros 0-0: Ball
1-0: Swinging Strike
1-1: Foul Ball, location: 2F
1-2: Foul Ball, location: 2F
1-2: Fly out, F9 (Line Drive, 89M)
Top of the 5th over - 0 runs, 0 hits, 0 errors, 0 left on base; Plymouth 0 - Athletic Club KC 4
BOTTOM OF THE 5TH
Athletic Club KC Reserves batting - Pitching for Plymouth Rocks : RHP Arturo Gramer
Batting: RHB Tasuku Goto 0-0: Ball
1-0: Ball
2-0: Called Strike
2-1: Ball
3-1: Called Strike
3-2: SOLO HOME RUN (Flyball, 8RXD), Distance : 429 ft
Batting: RHB Khal Drogo 0-0: Reached on error, E6 (Groundball, 6S)
Batting: LHB Shojiro Ueda 0-0: Fly out, F7 (Flyball, 7)
Batting: LHB Kwang-chih Feng 0-0: Fly out, F9 (Flyball, 9D)
Runner from 2nd tags up, SAFE at 3rd, no throw
Batting: LHB Manuel Domínguez 0-0: Ball
Wild Pitch!
Khal Drogo scores
1-0: Called Strike
1-1: Ball
2-1: Ball
3-1: Foul Ball, location: 2F
3-2: Base on Balls
Batting: RHB Cristóbal Covarrubiois 0-0: Ball
1-0: Foul Ball, location: 2F
1-1: Ball
2-1: Foul Ball, location: 2F
2-2: Ball
3-2: Foul Ball, location: 2F
3-2: Base on Balls
Manuel Domínguez to second
Batting: RHB Abeni Mbanefo 0-0: Ball
1-0: Called Strike
1-1: Ball
2-1: Ball
3-1: Base on Balls
Manuel Domínguez to third
Cristóbal Covarrubiois to second
Batting: LHB Luis Miguel González 0-0: Called Strike
0-1: Fly out, F8 (Flyball, 89XD)
Bottom of the 5th over - 2 runs, 1 hit, 1 error, 3 left on base; Plymouth 0 - Athletic Club KC 6
TOP OF THE 6TH
Plymouth Rocks batting - Pitching for Athletic Club KC Reserves : RHP Leroy Moody
Batting: SHB Javier Vega 0-0: Ball
1-0: Called Strike
1-1: Foul Ball, location: 2F
1-2: Ball
2-2: Fly out, F8 (Flyball, 8LD)
Batting: RHB Zelmar Barajas 0-0: Ball
1-0: Ground out 5-3 (Groundball, 56S)
Batting: LHB Jeff Lawson 0-0: Ground out 4-3 (Groundball, 4)
Top of the 6th over - 0 runs, 0 hits, 0 errors, 0 left on base; Plymouth 0 - Athletic Club KC 6
BOTTOM OF THE 6TH
Athletic Club KC Reserves batting - Pitching for Plymouth Rocks : RHP Arturo Gramer
Batting: RHB Armando Altagracia 0-0: Ground out 6-3 (Groundball, 56)
Batting: RHB Tasuku Goto 0-0: Ball
1-0: Ball
2-0: Foul Ball, location: 2F
2-1: Foul Ball, location: 2F
2-2: Strikes out swinging
Batting: RHB Khal Drogo 0-0: Called Strike
0-1: Swinging Strike
0-2: Foul Ball, location: 2F
0-2: Foul Ball, location: 2F
0-2: Foul Ball, location: 2F
0-2: Foul Ball, location: 2F
0-2: Foul Ball, location: 2F
0-2: Ball
1-2: Fly out, F9 (Flyball, 89S)
Bottom of the 6th over - 0 runs, 0 hits, 0 errors, 0 left on base; Plymouth 0 - Athletic Club KC 6
TOP OF THE 7TH
Plymouth Rocks batting - Pitching for Athletic Club KC Reserves : RHP Leroy Moody
Batting: RHB Tumas Wenzu 0-0: Swinging Strike
0-1: Ball
1-1: Swinging Strike
1-2: Ball
2-2: Ball
3-2: Foul Ball, location: 2F
3-2: SINGLE (Flyball, 7S)
Batting: RHB Ernesto Trevino 0-0: Ball
1-0: Swinging Strike
1-1: Ball
2-1: Swinging Strike
2-2: Ball
Tumas Wenzu steals 2nd base
3-2: SINGLE (Line Drive, 4M)
Tumas Wenzu to third
Batting: RHB Xi-ku See-to 0-0: Ball
1-0: Called Strike
1-1: Called Strike
1-2: Ball
2-2: Grounds into double play, 5-4-3 (Groundball, 5L)
Tumas Wenzu scores
Batting: LHB Dae-ik Park 0-0: Called Strike
0-1: Ball
1-1: Ball
2-1: Ball
3-1: SINGLE (Line Drive, 9LS)
Batting: RHB Chang-lit Min 0-0: Called Strike
0-1: Ball
1-1: Swinging Strike
1-2: Fly out, F7 (Flyball, 7LM)
Top of the 7th over - 1 run, 3 hits, 0 errors, 1 left on base; Plymouth 1 - Athletic Club KC 6
BOTTOM OF THE 7TH
Athletic Club KC Reserves batting - Pitching for Plymouth Rocks : RHP Arturo Gramer
Pitching: LHP Jorge Cruz
Batting: LHB Shojiro Ueda 0-0: Called Strike
0-1: Ball
1-1: Ground out 6-3 (Groundball, 6)
Batting: LHB Kwang-chih Feng 0-0: Ball
1-0: Ball
2-0: Fly out, F7 (Flyball, 78M)
Batting: LHB Manuel Domínguez 0-0: Ball
1-0: Swinging Strike
1-1: Called Strike
1-2: Strikes out looking
Bottom of the 7th over - 0 runs, 0 hits, 0 errors, 0 left on base; Plymouth 1 - Athletic Club KC 6
TOP OF THE 8TH
Plymouth Rocks batting - Pitching for Athletic Club KC Reserves : RHP Leroy Moody
Now at 1B: Francisco Vigil
Batting: LHB Octávio Ontiveros 0-0: Ball
1-0: Foul Ball, location: 2F
1-1: Ground out 5-3 (Groundball, 56S)
Batting: SHB Javier Vega 0-0: Ball
1-0: SINGLE (Groundball, 34D)
Pitching: RHP Kamisese Alohinani
Batting: RHB Zelmar Barajas 0-0: Called Strike
0-1: Ball
1-1: Fly out, F5 (Line Drive, 56)
Batting: LHB Jeff Lawson 0-0: Ball
1-0: Ball
2-0: Ball
3-0: Called Strike
3-1: Ground out 4-3 (Groundball, 4D)
Top of the 8th over - 0 runs, 1 hit, 0 errors, 1 left on base; Plymouth 1 - Athletic Club KC 6
BOTTOM OF THE 8TH
Athletic Club KC Reserves batting - Pitching for Plymouth Rocks : LHP Jorge Cruz
Batting: RHB Cristóbal Covarrubiois 0-0: Called Strike
0-1: Ball
1-1: Foul Ball, location: 2F
1-2: Foul Ball, location: 2F
1-2: Ball
2-2: Ball
3-2: Ground out U3 (Groundball, 3)
Batting: RHB Abeni Mbanefo 0-0: Ball
1-0: Ball
2-0: Foul Ball, location: 2F
2-1: Ball
3-1: Foul Ball, location: 2F
3-2: Fly out, F9 (Flyball, 89D)
Batting: LHB Luis Miguel González 0-0: Ball
1-0: Ground out 5-3 (Groundball, 56S)
Bottom of the 8th over - 0 runs, 0 hits, 0 errors, 0 left on base; Plymouth 1 - Athletic Club KC 6
TOP OF THE 9TH
Plymouth Rocks batting - Pitching for Athletic Club KC Reserves : RHP Kamisese Alohinani
Now at C: Dewey Nauss
Batting: RHB Tumas Wenzu 0-0: Ball
1-0: Ball
2-0: Called Strike
2-1: SINGLE (Flyball, 7LS)
Batting: RHB Ernesto Trevino 0-0: Hit by Pitch
Tumas Wenzu to second
Batting: RHB Xi-ku See-to 0-0: Ball
1-0: Called Strike
1-1: Foul Ball, location: 2F
1-2: Foul Ball, location: 2F
1-2: Strikes out swinging
Batting: LHB Dae-ik Park 0-0: Called Strike
0-1: Fly out, F4 (Line Drive, 4M)
Batting: RHB Chang-lit Min 0-0: Fielders Choice at 2nd, 5-4 (Groundball, 5)
Top of the 9th over - 0 runs, 1 hit, 0 errors, 2 left on base; Plymouth 1 - Athletic Club KC 6
Friday, March 29th, 2019 - OOTP Baseball 18.8 Build 76